 Dungeon Crawl Stone Soup version 0.29.0-4-gdea44cf6ec (webtiles) character file.

Game seed: 646333205428286087

2890 qw the Cleaver (level 9, -3/118 HPs)
             Began as a Minotaur Berserker on Sept 8, 2022.
             Was an Elder of Trog.
             Slain by a yak (10 damage)
             ... on level 8 of the Dungeon.
             The game lasted 00:03:04 (9236 turns).

qw the Cleaver (Minotaur Berserker)                 Turns: 9236, Time: 00:03:04

Health: -3/118     AC: 12    Str: 25    XL:     9   Next: 48%
Magic:  8/8        EV:  7    Int:  4    God:    Trog [****..]
Gold:   334        SH:  9    Dex: 11    Spells: 8/8 levels left

rFire   . . .      SeeInvis .   Y - +0 broad axe
rCold   . . .      Faith    .   r - +0 buckler
rNeg    . . .      Spirit   .   f - +0 plate armour
rPois   .          Reflect  +   (helmet restricted)
rElec   .          Harm     .   (no cloak)
rCorr   .          Rampage  +   (no gloves)
Will    .....                   (no boots)
Stlth   ..........              a - amulet "Funta" {Reflect Rampage SH+5}
HPRegen 0.29/turn               (no ring)
MPRegen 0.11/turn               (no ring)

@: berserking, lethally poisoned (-3 -> -14), very quick
A: horns 2, retaliatory headbutt
a: Renounce Religion, Berserk, Trog's Hand, Brothers in Arms


You were on level 8 of the Dungeon.
You worshipped Trog.
Trog was greatly pleased with you.
You visited 1 branch of the dungeon, and saw 8 of its levels.

You collected 334 gold pieces.


Innate Abilities, Weirdness & Mutations

You have a pair of horns on your head.
You reflexively headbutt those who attack you in melee.


   Skills:
 - Level 7.2 Fighting
 - Level 13.0 Axes
 + Level 5.0 Armour
 - Level 3.3 Dodging
 - Level 4.2 Shields


You had 8 spell levels left.
You didn't know any spells.
Your spell library was empty.

Inventory:

Hand Weapons
 m - a +0 flail
 Y - a +0 broad axe (weapon)
Armour
 f - a +0 plate armour (worn)
 r - a +0 buckler (worn)
Jewellery
 a - the amulet "Funta" (around neck) {Reflect Rampage SH+5}
   (You found it on level 4 of the Dungeon)

   [amulet of reflection]

   It reflects blocked missile attacks.
   SH:        It affects your SH (+5).
   Rampage:   It bestows one free step when moving towards enemies.
Scrolls
 i - 2 scrolls of identify
Potions
 c - a potion of mutation
 e - 3 potions of curing
 h - a potion of cancellation
 j - 3 potions of heal wounds
 k - 2 potions of haste
 o - a potion of resistance

Dungeon Overview and Level Annotations

Branches:
Dungeon (8/15)             Temple (0/1) D:7
   Lair: D:8-11

Altars:
Ashenzari
Cheibriados
Fedhas
Okawaru
Sif Muna
Xom
Yredelemnul
The Shining One

Shops:
D:2 (


Message History

You hit the yak. You hit the killer bee. You barely miss the yak.
You hit the yak.
You feel very sick. You block the killer bee's attack. x2
The killer bee stings you but does no damage.
You block the killer bee's attack. The yak gores you!
You block the yak's attack. The yak gores you!
9233 ||| DRINKING 4 potions of heal wounds.
You feel much better.
You feel very sick. The killer bee stings you.
You are more poisoned.
The killer bee poisons you! You block the killer bee's attack.
The killer bee barely misses you. You block the killer bee's attack.
The yak gores you.
A yak comes into view. x2
You block the yak's attack. The yak gores you but does no damage.
9234 ||| INVOKING Berserk.
A red film seems to cover your vision as you go berserk!
You feel yourself moving faster!
You feel mighty!
You feel very sick.
The yak bellows!
You block the killer bee's attack.
The killer bee stings you but does no damage. x2
The killer bee stings you. The yak barely misses you. The yak gores you! x2
You hit the killer bee.
You kill the killer bee!
Trog accepts your kill.
You barely miss the yak. You miss the killer bee. You slash the yak!
You closely miss the yak.
You feel very sick. The killer bee stings you.
Your Axes skill increases to level 13!
You completely miss the yak. You headbutt the yak!
The yak is almost dead.
You hit the yak. You slash the yak! You slash the killer bee!
You kill the killer bee!
Trog accepts your kill.
You feel sick. The yak gores you. You block the yak's attack.
The yak gores you!
You die...

# #+ ###### #.###?#
#...[##########
.......###....##........
.....[..##....##.....###
......YY###..........###
......Y@.........<......
.......Y#..########.....
.......Y#.## #...##
..........# #.....
......##... ##..#.
..#### >.#. #.... .
.....# ##... ......#
##.# ..!. .#


You could see 5 yaks.

Vanquished Creatures
  A wyvern (D:7)
  2 steam dragons
  2 orc warriors
  3 sky beasts
  3 black bears (D:6)
  An ice beast (D:6)
  An ogre (D:5)
  2 phantoms
  3 bullfrogs
  A kobold brigand (D:6)
  A necrophage (D:6)
  A gnoll sergeant (D:6)
  3 scorpions
  3 killer bees (D:8)
  3 hounds
  A jelly (D:6)
  5 orc priests
  3 iguanas
  4 orc wizards
  A mummy (D:5)
  6 gnolls
  12 adders
  A shadow imp (D:7)
  2 worms (D:2)
  A dart slug (D:1)
  24 orcs
  10 bats
  6 endoplasms
  8 giant cockroaches
  8 goblins
  6 hobgoblins
  8 jackals
  8 kobolds
  4 quokkas
  10 ball pythons
  2 frilled lizards (D:1)
  2 kobold zombies (D:5)
  2 orc zombies (D:5)
  4 rats
  A spectral orc (D:3)
169 creatures vanquished.

Notes
Turn   | Place    | Note
-------+----------+-------------------------------------------
     0 | D:1      | qw the Minotaur Berserker began the quest for the Orb.
     0 | D:1      | Reached XP level 1. HP: 19/19 MP: 0/0
     0 | D:1      | 0 ||| qw: Version: 0.1-a-111-g1c1fd2e
     0 | D:1      | 0 ||| qw: Game counter: 6591
     0 | D:1      | 0 ||| qw: Always use a shield: true
     0 | D:1      | 0 ||| qw: Do Orc after D:15 true
     0 | D:1      | 0 ||| qw: Do second Lair branch before Depths: true
     0 | D:1      | 0 ||| qw: Lair rune preference: random
     0 | D:1      | 0 ||| qw: Plans: Normal
     0 | D:1      | 0 ||| PLANNING D:1-11
   159 | D:1      | Reached skill level 4 in Axes
   247 | D:1      | 247 ||| Stepping ~*~*~tactically~*~*~ (stealth).
   257 | D:1      | 257 ||| Stepping ~*~*~tactically~*~*~ (stealth).
   267 | D:1      | Reached XP level 2. HP: 20/26 MP: 1/1
   269 | D:1      | 269 ||| INVOKING Berserk.
   599 | D:1      | Found a faded altar of an unknown god.
   777 | D:1      | 777 ||| INVOKING Berserk.
   781 | D:1      | Reached skill level 5 in Axes
   781 | D:1      | Reached XP level 3. HP: 31/31 MP: 2/2
  1398 | D:1      | 1398 ||| DROPPING ring of flight.
  1399 | D:1      | 1399 ||| READING scroll labelled CIABEWO LOFOS.
  1400 | D:1      | 1400 ||| READING scroll labelled NAMILI ARES.
  1401 | D:1      | 1401 ||| READING scroll labelled BEYRAATTEA.
  1402 | D:1      | 1402 ||| READING scroll labelled QULUHIUNUPP.
  1403 | D:1      | 1403 ||| DRINKING 2 emerald potions.
  1404 | D:1      | 1404 ||| Stepping randomly (stuck).
  1405 | D:1      | 1405 ||| Stepping ~*~*~tactically~*~*~ (cloud).
  1413 | D:1      | HP: 7/31 [poisoned by you (poison gas)]
  1678 | D:2      | 1678 ||| STAIRDANCE
  1793 | D:2      | 1793 ||| STAIRDANCE
  1898 | D:2      | 1898 ||| Stepping ~*~*~tactically~*~*~ (stealth).
  2022 | D:2      | 2022 ||| INVOKING Berserk.
  2164 | D:2      | Reached ** piety under Trog
  2356 | D:2      | Reached skill level 6 in Axes
  2356 | D:2      | Reached XP level 4. HP: 33/39 MP: 3/3
  2428 | D:2      | Found Owniosm's Weapon Emporium.
  2437 | D:2      | 2437 ||| UPGRADING to +0 ring mail.
  2447 | D:2      | 2447 ||| DROPPING +0 animal skin.
  2448 | D:2      | 2448 ||| UPGRADING to +0 chain mail.
  2458 | D:2      | 2458 ||| DROPPING +0 ring mail.
  2525 | D:2      | Identified the +1 robe of Death Resistance {rPois Str+7
                  | Slay+3}
  2527 | D:2      | 2527 ||| UPGRADING to +1 robe of Death Resistance {rPois
                  | Str+7 Slay+3}.
  2760 | D:2      | 2760 ||| READING scroll labelled TEJOFE EMOE.
  2761 | D:2      | 2761 ||| DRINKING 2 bubbling puce potions.
  2802 | D:3      | 2802 ||| Stepping ~*~*~tactically~*~*~ (stealth).
  2804 | D:3      | 2804 ||| Stepping ~*~*~tactically~*~*~ (stealth).
  2806 | D:3      | 2806 ||| Stepping ~*~*~tactically~*~*~ (stealth).
  2955 | D:3      | Noticed a phantom
  2968 | D:3      | Killed a phantom
  2969 | D:3      | Reached skill level 7 in Axes
  2969 | D:3      | Reached XP level 5. HP: 29/45 MP: 4/4
  3492 | D:3      | Found a basalt altar of Yredelemnul.
  3589 | D:3      | 3589 ||| DRINKING 2 ruby potions.
  3590 | D:3      | 3590 ||| DROPPING potion of degeneration.
  3648 | D:4      | Identified the amulet "Funta" {Reflect Rampage SH+5}
  3652 | D:4      | Identified the +1 leather armour of Oblivion {rElec rF+
                  | Str+6 Stlth-}
  3708 | D:4      | 3708 ||| Stepping ~*~*~tactically~*~*~ (stealth).
  3710 | D:4      | 3710 ||| Stepping ~*~*~tactically~*~*~ (stealth).
  3732 | D:4      | 3732 ||| Stepping ~*~*~tactically~*~*~ (stealth).
  3743 | D:4      | 3743 ||| Stepping ~*~*~tactically~*~*~ (stealth).
  3745 | D:4      | 3745 ||| Stepping ~*~*~tactically~*~*~ (stealth).
  3973 | D:4      | Found a blossoming altar of Fedhas.
  4040 | D:4      | Reached skill level 8 in Axes
  4040 | D:4      | Reached XP level 6. HP: 49/52 MP: 5/5
  4062 | D:4      | 4062 ||| Stepping ~*~*~tactically~*~*~ (stealth).
  4123 | D:4      | Found an iron altar of Okawaru.
  4189 | D:4      | 4189 ||| Stepping ~*~*~tactically~*~*~ (stealth).
  4315 | D:4      | 4315 ||| UPGRADING to amulet "Funta" {Reflect Rampage
                  | SH+5}.
  4320 | D:4      | 4320 ||| READING scroll labelled JOKKIV MOEGO.
  4321 | D:4      | 4321 ||| DRINKING 3 inky potions.
  4322 | D:4      | 4322 ||| READING 2 scrolls of identify.
  4322 | D:4      | 4322 ||| IDENTIFYING fizzy red potion
  4347 | D:5      | Entered Level 5 of the Dungeon
  4348 | D:5      | 4348 ||| Stepping ~*~*~tactically~*~*~ (hiding).
  4351 | D:5      | 4351 ||| Stepping ~*~*~tactically~*~*~ (hiding).
  4351 | D:5      | Found a broken altar of Ashenzari.
  4355 | D:5      | 4355 ||| INVOKING Berserk.
  4360 | D:5      | Reached *** piety under Trog
  4367 | D:5      | Reached skill level 9 in Axes
  4416 | D:5      | 4416 ||| DROPPING +0 whip.
  4442 | D:5      | 4442 ||| Stepping ~*~*~tactically~*~*~ (stealth).
  4450 | D:5      | 4450 ||| Stepping ~*~*~tactically~*~*~ (stealth).
  4456 | D:5      | 4456 ||| Stepping ~*~*~tactically~*~*~ (stealth).
  4457 | D:5      | 4457 ||| Stepping ~*~*~tactically~*~*~ (stealth).
  4463 | D:5      | 4463 ||| Stepping ~*~*~tactically~*~*~ (stealth).
  4466 | D:5      | 4466 ||| INVOKING Berserk.
  4472 | D:5      | Reached XP level 7. HP: 61/61 MP: 6/6
  4477 | D:5      | 4477 ||| FLEEEEING.
  4478 | D:5      | 4478 ||| FLEEEEING.
  4479 | D:5      | 4479 ||| FLEEEEING.
  4480 | D:5      | 4480 ||| FLEEEEING.
  4481 | D:5      | 4481 ||| FLEEEEING.
  4482 | D:5      | 4482 ||| FLEEEEING.
  4483 | D:5      | 4483 ||| FLEEEEING.
  4484 | D:5      | 4484 ||| FLEEEEING.
  4486 | D:5      | 4486 ||| FLEEEEING.
  4487 | D:5      | 4487 ||| FLEEEEING.
  4488 | D:5      | 4488 ||| STAIRDANCE
  4592 | D:4      | 4592 ||| READING scroll labelled QYECUX MOMA.
  4593 | D:4      | 4593 ||| READING 2 scrolls labelled KUSUIT GIOJULE.
  4594 | D:4      | 4594 ||| READING 2 scrolls of identify.
  4594 | D:4      | 4594 ||| IDENTIFYING grey potion
  4595 | D:4      | 4595 ||| DROPPING potion of flight.
  4596 | D:4      | 4596 ||| DROPPING scroll of noise.
  4636 | D:5      | 4636 ||| FLEEEEING.
  4646 | D:5      | 4646 ||| STAIRDANCE
  4749 | D:5      | Found a shimmering blue altar of Sif Muna.
  4751 | D:5      | 4751 ||| Stepping ~*~*~tactically~*~*~ (stealth).
  4753 | D:5      | 4753 ||| Stepping ~*~*~tactically~*~*~ (stealth).
  4834 | D:5      | 4834 ||| INVOKING Berserk.
  4836 | D:5      | Reached skill level 10 in Axes
  4970 | D:5      | 4970 ||| SWAPPING to +0 broad axe.
  4971 | D:5      | 4971 ||| DROPPING +1 hand axe.
  5184 | D:5      | 5184 ||| Stepping ~*~*~tactically~*~*~ (stealth).
  5233 | D:5      | 5233 ||| Stepping ~*~*~tactically~*~*~ (stealth).
  5269 | D:5      | Reached skill level 6 in Fighting
  5334 | D:5      | Found a snail-covered altar of Cheibriados.
  5474 | D:5      | 5474 ||| READING scroll labelled WONOITA KYUTZY.
  5601 | D:6      | 5601 ||| INVOKING Berserk.
  5762 | D:6      | 5762 ||| INVOKING Berserk.
  5923 | D:6      | Reached XP level 8. HP: 70/70 MP: 7/7
  5948 | D:6      | 5948 ||| Stepping ~*~*~tactically~*~*~ (stealth).
  5949 | D:6      | 5949 ||| Stepping ~*~*~tactically~*~*~ (stealth).
  5950 | D:6      | 5950 ||| Stepping ~*~*~tactically~*~*~ (stealth).
  5951 | D:6      | 5951 ||| Stepping ~*~*~tactically~*~*~ (stealth).
  5956 | D:6      | 5956 ||| INVOKING Berserk.
  5961 | D:6      | Reached skill level 11 in Axes
  5997 | D:6      | Reached skill level 3 in Dodging
  6045 | D:6      | 6045 ||| Stepping ~*~*~tactically~*~*~ (stealth).
  6058 | D:6      | 6058 ||| Stepping ~*~*~tactically~*~*~ (stealth).
  6358 | D:6      | 6358 ||| Stepping ~*~*~tactically~*~*~ (hiding).
  6722 | D:6      | 6722 ||| Stepping ~*~*~tactically~*~*~ (stealth).
  6724 | D:6      | 6724 ||| Stepping ~*~*~tactically~*~*~ (stealth).
  6728 | D:6      | 6728 ||| INVOKING Berserk.
  6733 | D:6      | Reached skill level 12 in Axes
  7010 | D:6      | Found a glowing golden altar of the Shining One.
  7015 | D:6      | 7015 ||| Stepping ~*~*~tactically~*~*~ (stealth).
  7205 | D:6      | 7205 ||| INVOKING Berserk.
  7326 | D:6      | 7326 ||| DROPPING +0 chain mail.
  7327 | D:6      | 7327 ||| UPGRADING to +0 plate armour.
  7337 | D:6      | 7337 ||| DROPPING +1 robe of Death Resistance {rPois Str+7
                  | Slay+3}.
  7338 | D:6      | 7338 ||| DROPPING +1 leather armour of Oblivion {rElec rF+
                  | Str+6 Stlth-}.
  7339 | D:6      | 7339 ||| UPGRADING to +0 buckler.
  7344 | D:6      | 7344 ||| DRINKING 2 clear potions.
  7345 | D:6      | 7345 ||| DRINKING 2 bubbling emerald potions.
  7446 | D:6      | 7446 ||| DRINKING 2 red potions.
  7447 | D:6      | 7447 ||| READING 2 scrolls of identify.
  7447 | D:6      | 7447 ||| IDENTIFYING metallic yellow potion
  7448 | D:6      | 7448 ||| DROPPING potion of brilliance.
  7449 | D:6      | 7449 ||| DROPPING potion of ambrosia.
  7450 | D:6      | 7450 ||| DROPPING potion of attraction.
  7484 | D:7      | 7484 ||| INVOKING Berserk.
  7488 | D:7      | Reached XP level 9. HP: 79/79 MP: 8/8
  7488 | D:7      | 7488 ||| STAIRDANCE
  7628 | D:7      | Found a staircase to the Ecumenical Temple.
  7704 | D:7      | Reached skill level 3 in Armour
  7803 | D:7      | Reached skill level 3 in Shields
  7899 | D:7      | 7899 ||| Stepping ~*~*~tactically~*~*~ (hiding).
  7986 | D:7      | Found a shimmering altar of Xom.
  8063 | D:7      | 8063 ||| Stepping ~*~*~tactically~*~*~ (stealth).
  8065 | D:7      | 8065 ||| Stepping ~*~*~tactically~*~*~ (hiding).
  8072 | D:7      | 8072 ||| INVOKING Berserk.
  8089 | D:7      | 8089 ||| Stepping ~*~*~tactically~*~*~ (stealth).
  8387 | D:7      | 8387 ||| Stepping ~*~*~tactically~*~*~ (hiding).
  8640 | D:7      | 8640 ||| INVOKING Berserk.
  8645 | D:7      | Reached **** piety under Trog
  9025 | D:7      | 9025 ||| READING scroll labelled ALOPTI ES JAS.
  9026 | D:7      | 9026 ||| DRINKING 2 lumpy white potions.
  9027 | D:7      | 9027 ||| READING 4 scrolls of identify.
  9027 | D:7      | 9027 ||| IDENTIFYING blue potion
  9028 | D:7      | 9028 ||| READING 3 scrolls of identify.
  9028 | D:7      | 9028 ||| IDENTIFYING metallic blue potion
  9029 | D:7      | 9029 ||| DROPPING potion of invisibility.
  9030 | D:7      | 9030 ||| DROPPING potion of magic.
  9053 | D:8      | 9053 ||| INVOKING Berserk.
  9232 | D:8      | HP: 19/79 [yak (8)]
  9233 | D:8      | 9233 ||| DRINKING 4 potions of heal wounds.
  9234 | D:8      | 9234 ||| INVOKING Berserk.
  9236 | D:8      | Reached skill level 13 in Axes
  9236 | D:8      | HP: 9/118 [poisoned by a killer bee]
  9236 | D:8      | Slain by a yak

Levels and vault maps discovered:
D:1:      minmay_arrival_four_houses, layout_loops_corners,
          hellmonk_ecumenical_altar_leap_of_faith
D:2:      layout_loops_ring, serial_shops, nicolae_shop_bloodbath_and_beyond
D:3:      layout_loops_cross, yredelemnul_forgotten_temple_becter,
          grunt_decor_one_mirror
D:4:      layout_cave_pools, mainiacjoe_overflow_surrounded_room,
          mainiacjoe_overflow_24_doors
D:5:      layout_rooms, chei_slow_surprise, nicolae_sif_muna_condensation,
          nicolae_ashenzari_skybound, minmay_mini_ossuary
D:6:      layout_gridville, nicolae_tso_swordbearing_angel
D:7:      layout_gridville, lemuel_tele_altar, minmay_temple_entry_trees,
          enter_bailey_5
D:8:      layout_rooms, grunt_temple_overflow_opulence,
          gammafunk_temple_overflow_elements

Skill      XL: |  1  2  3  4  5  6  7  8  9 |
---------------+----------------------------+-----
Axes           | 4 5 6 7 8 9 10 12 13 | 13.0
Fighting       | 4 5 6 7 |  7.2
Dodging        | 3 |  3.3
Shields        | 2 4 |  4.2
Armour         | 5 |  5.0

Action                   |  1- 3 |  4- 6 |  7- 9 || total
-------------------------+-------+-------+-------++-------
Melee: Hand axe          |    74 |    98 |    37 ||   209
       Headbutt          |     8 |    12 |    37 ||    57
       Punch             |     1 |     1 |       ||     2
       Broad axe         |       |       |   179 ||   179
Invok: Berserk           |     3 |     2 |    11 ||    16
  Use: Scroll            |     4 |     3 |     8 ||    15
       Potion            |     1 |     3 |     5 ||     9
 Stab: Invisible         |       |       |     3 ||     3
Armor: Animal skin       |    12 |       |       ||    12
       Robe              |       |    16 |    10 ||    26
       Chain mail        |       |     1 |       ||     1
       Plate armour      |       |       |    44 ||    44
Dodge: Dodged            |    28 |    33 |    69 ||   130
Block: Other             |       |     3 |    18 ||    21
       Buckler           |       |       |    41 ||    41

Table legend:
 A = Non-vault XP
 B = Vault XP
 C = Vault XP percentage of total XP
 D = Non-vault monster count
 E = Vault monster count
 F = Vault count percentage of total count
                 A         B        C        D         E       F
            +---------+---------+-------+---------+---------+-------
      Total |    4161 |      29 |   0.7 |     159 |      10 |   5.9
            +---------+---------+-------+---------+---------+-------
        D:1 |      74 |       0 |   0.0 |      28 |       0 |   0.0
        D:2 |      51 |       0 |   0.0 |      19 |       0 |   0.0
        D:3 |     145 |       1 |   0.7 |      15 |       1 |   6.2
        D:4 |     168 |       0 |   0.0 |      18 |       0 |   0.0
        D:5 |     755 |      22 |   2.8 |      19 |       5 |  20.8
        D:6 |    1480 |       0 |   0.0 |      29 |       0 |   0.0
        D:7 |    1032 |       6 |   0.6 |      22 |       4 |  15.4
        D:8 |     456 |       0 |   0.0 |       9 |       0 |   0.0
            +---------+---------+-------+---------+---------+-------
